 Dungeon Crawl Stone Soup version 0.32-a0-576-g706899e69d (webtiles) character file.

Game seed: 4441766960629794210

191 CougarLife the Digger (level 5, 0/28 HPs)
             Began as a Gargoyle Earth Elementalist on Mar 2, 2024.
             Slain by a goblin
             ... wielding a +0 dagger
             ... led by Robin
              (2 damage)
             ... on level 2 of the Dungeon.
             The game lasted 00:01:50 (2178 turns).

CougarLife the Digger (Gargoyle Earth Elementalist) Turns: 2178, Time: 00:01:50

Health: 0/28       AC:  6    Str: 12    XL:     5   Next: 70%
Magic:  6/10       EV: 11    Int: 17    God:
Gold:   111        SH:  0    Dex: 10    Spells: 9/10 levels left

rFire   . . .        d - +1 dagger (venom)
rCold   . . .        (no shield)
rNeg    + . .        a - +0 robe
rPois   ∞            (no helmet)
rElec   +            (no cloak)
rCorr   .            (no gloves)
SInv    .            (no boots)
Will    .....        (no amulet)
Stlth   ++           (no ring)
HPRegen 0.24/turn    (no ring)
MPRegen 0.12/turn

%: no passive effects
@: very slightly contaminated
A: sickness immunity, AC +4, negative energy resistance 1, electricity
resistance, torment resistance 1, petrification resistance
a: no special abilities


You were on level 2 of the Dungeon.
You visited 1 branch of the dungeon, and saw 2 of its levels.

You collected 111 gold pieces.

Inventory:

Hand Weapons
 d - a +1 dagger of venom (weapon)
Armour
 a - a +0 robe (worn)
Jewellery
 h - a ring of willpower
Wands
 m - a wand of warping (5)
Scrolls
 c - a scroll of identify {unknown}
 e - a scroll of enchant armour {unknown}
 f - a scroll of noise {unknown}
 j - a scroll of poison {unknown}
Potions
 b - a potion of magic
 g - 3 potions of haste {unknown}
 i - a potion of heal wounds {unknown}
 k - a potion of degeneration {unknown}
 l - a potion of curing {unknown}


   Skills:
 - Level 1.5 Dodging
 - Level 2.1 Stealth
 + Level 3.4 Spellcasting
 + Level 3.4 Conjurations
 + Level 5.1 Earth Magic


You had 9 spell levels left.
You knew the following spells:

 Your Spells              Type           Power      Damage    Failure   Level
a - Sandblast             Erth           40%        2d10      1%          1

Your spell library contained the following spells:

 Spells                   Type           Power      Damage    Failure   Level
 Passwall                 Erth           20%        N/A       6%          3
 Stone Arrow              Conj/Erth      34%        3d9       9%          3
 Hailstorm                Conj/Ice       8%         3d5       26%         3
 Brom's Barrelling Bould  Conj/Erth      17%        2d4       28%         4
 Summon Ice Beast         Ice/Summ       2%         N/A       45%         3
 Petrify                  Alch/Erth      11%        N/A       50%         4
 Summon Mana Viper        Hex/Summ       2%         N/A       99%         5
 Sculpt Simulacrum        Ice/Alch       1%         N/A       100%        6
 Monstrous Menagerie      Summ           1%         N/A       100%        7


Dungeon Overview and Level Annotations

Branches:
Dungeon (2/15)

Altars:

Shops:
D:1 =

Annotations:
D:2 Robin


Innate Abilities, Weirdness & Mutations

You are immune to sickness and miasma.
Your stone body is resilient. (AC +4)
You are immune to poison.
You resist negative energy. (rN+)
You are resistant to electric shocks. (rElec)
You are resistant to unholy torment.
You are immune to petrification.


Message History

The goblin hits you with a +0 club.
Casting: Sandblast (safe; 1% risk of failure)
Confirm with . or Enter, or press ? or * to list all spells.
Aiming: Sandblast (safe; 1% risk of failure)
Press: ? - help, Shift-Dir - straight line, f - goblin
Aim: a goblin, wielding a +0 club (strong, 79% to hit)
The blast of sand hits the goblin!
You kill the goblin!
The goblin hits you but does no damage. x2; The hobgoblin hits you.
The hobgoblin hits you but does no damage.
The goblin hits you but does no damage. The goblin barely misses you.
Casting: Sandblast (safe; 1% risk of failure)
Confirm with . or Enter, or press ? or * to list all spells.
Aiming: Sandblast (safe; 1% risk of failure)
Press: ? - help, Shift-Dir - straight line, f - goblin
Aim: a goblin, wielding a +0 dagger and wearing a +0 robe (moderately wounded, strong, very poisoned, 79% to hit)
The blast of sand hits the goblin!
You kill the goblin!
The hobgoblin closely misses you. The goblin hits you with a +0 dagger.
The hobgoblin attacks as it pursues you!
The hobgoblin closely misses you. The goblin hits you with a +0 dagger.
Things that are here:
a +0 dagger; a +0 robe; a goblin corpse The hobgoblin attacks as it pursues you!
The hobgoblin closely misses you. Robin throws the goblin at you!
* * * LOW HITPOINT WARNING * * *
The goblin hits you with a +0 dagger.
* * * LOW HITPOINT WARNING * * *
The hobgoblin attacks as it pursues you!
The hobgoblin barely misses you.
Casting: Sandblast (safe; 1% risk of failure)
Confirm with . or Enter, or press ? or * to list all spells.
Aiming: Sandblast (safe; 1% risk of failure)
Press: ? - help, Shift-Dir - straight line, f - hobgoblin
Aim: a hobgoblin (strong, 83% to hit)
You miscast Sandblast.
You are very lightly contaminated with residual magic.
Nothing appears to happen.
The goblin hits you with a +0 dagger.
You die...

######.# #. #######.##
.####'### .......[.#
........# #######.†#
........# ##..
........# #.# ........#
#.#
........###############
#.#
....).).gg@g.)........#
#.#
...$....#############)#
#.# ........# #.# #.#
........# #.# #.#
######### #.###.#
#.#.... #.#.#.# #.#.#..
#.#.###


You could see Robin, a hobgoblin (strong) and a goblin (strong).

Vanquished Creatures
  Natasha (thrice) (D:2)
  5 adders (D:2)
  A dart slug (D:2)
  2 ribbon worms (D:2)
  4 ball pythons
  5 bats
  4 endoplasms
  2 giant cockroaches
  16 goblins
  5 hobgoblins
  2 jackals (D:2)
  A quokka (D:1)
  3 frilled lizards
  5 kobolds
  4 rats
62 creatures vanquished.

Notes
Turn   | Place    | Note
-------+----------+-------------------------------------------
     0 | D:1      | CougarLife the Gargoyle Earth Elementalist began the quest
                  | for the Orb.
     0 | D:1      | Reached XP level 1. HP: 10/10 MP: 3/3
   208 | D:1      | Reached XP level 2. HP: 15/15 MP: 3/5
   578 | D:1      | Reached skill level 4 in Earth Magic
   788 | D:1      | Reached XP level 3. HP: 14/19 MP: 2/6
   846 | D:1      | Found Plog's Jewellery Shoppe.
  1292 | D:2      | Reached XP level 4. HP: 24/24 MP: 5/8
  1781 | D:2      | Noticed Natasha
  1786 | D:2      | Killed Natasha
  1868 | D:2      | Reached XP level 5. HP: 28/28 MP: 7/9
  1932 | D:2      | Noticed Natasha
  1937 | D:2      | Killed Natasha
  1938 | D:2      | Reached skill level 5 in Earth Magic
  2042 | D:2      | Noticed Robin
  2043 | D:2      | Noticed Natasha
  2163 | D:2      | Killed Natasha
  2178 | D:2      | Slain by a goblin

Illustrated notes

Levels and vault maps discovered:
D:1:      dpeg_arrival_simpleton_b, layout_loops_corners, serial_shops, shop
D:2:      layout_basic, basic_altar, uniq_natasha, uniq_robin

Skill      XL: |  1  2  3  4  5 |
---------------+----------------+-----
Earth Magic    | 4 5 |  5.1
Conjurations   | 2 3 |  3.4
Spellcasting   | 3 |  3.4
Dodging        | |  1.5
Stealth        | |  2.1

Action                     |  1- 3 |  4- 6 || total
---------------------------+-------+-------++-------
  Melee: Dagger            |    16 |    11 ||    27
   Cast: Sandblast         |    37 |    41 ||    78
 Armour: Robe              |    23 |    52 ||    75
  Dodge: Dodged            |    13 |    30 ||    43

Table legend: (Time is in decaauts)
 A = Elapsed time spent in this place.
 B = Non-inter-level travel time spent in this place.
 C = Inter-level travel time spent in this place.
 D = Time resting spent in this place.
 E = Time spent auto-exploring this place.
 F = Levels seen in this place.
 G = Mean time per level.
                   A        B        C        D        E       F      G
               +--------+--------+--------+--------+--------+-----+--------+
         Total |   2216 |   2198 |     18 |     48 |   1775 |   2 | 1108.0 |
       Dungeon |   2216 |   2198 |     18 |     48 |   1775 |   2 | 1108.0 |
               +--------+--------+--------+--------+--------+-----+--------+

Top non-repeatable levels by time:
     D:1: 1135 daAuts
     D:2: 1081 daAuts
